 Dungeon Crawl Stone Soup version 0.30-a0-394-g3e4acdb0ae (webtiles) character file.

Game seed: 24091160629547569

5 qeuew the Sneak (level 1, 0/14 HPs)
             Began as an Octopode Brigand on Dec 6, 2022.
             Slain by a bat (1 damage)
             ... on level 1 of the Dungeon.
             The game lasted 00:00:27 (45 turns).

qeuew the Sneak (Octopode Brigand)                    Turns: 45, Time: 00:00:28

Health: 0/14       AC:  1    Str: 10    XL:     1   Next: 80%
Magic:  1/1        EV: 12    Int: 13    God:
Gold:   27         SH:  0    Dex: 13    Spells: 0/0 levels left

rFire   . . .      SeeInvis .    a - +2 dagger
rCold   . . .      Faith    .    (no shield)
rNeg    . . .      Spirit   .    (helmet restricted)
rPois   .          Reflect  .    (no amulet)
rElec   .          Harm     .    (no ring)
rCorr   .          Rampage  .    (no ring)
Will    .....                    (no ring)
Stlth   ++++......               (no ring)
HPRegen 0.22/turn                (no ring)
MPRegen 0.07/turn                (no ring)
                                 (no ring)
                                 (no ring)

@: no status effects
A: almost no armour, amphibious, 8 rings, camouflage 1, gelatinous body 1,
(nimble swimmer 1), tentacles
a: no special abilities


You were on level 1 of the Dungeon.
You visited 1 branch of the dungeon, and saw 1 of its levels.

You collected 27 gold pieces.

Inventory:

Hand Weapons
 a - a +2 dagger (weapon)
Missiles
 b - 7 poisoned darts (quivered)
 c - 3 curare-tipped darts
Scrolls
 d - a scroll of silence {unknown}


   Skills:
 + Level 2.1 Fighting
 + Level 2.1 Short Blades
 + Level 2.0 Throwing
 + Level 1.1 Dodging
 * Level 5.4 Stealth


You couldn't memorise any spells.
You didn't know any spells.
Your spell library was empty.

Dungeon Overview and Level Annotations

Branches:
Dungeon (1/15)

Altars:


Innate Abilities, Weirdness & Mutations

You cannot wear most types of armour.
You are amphibious.
You can wear up to eight rings at the same time.
Your skin changes colour to match your surroundings (Stealth+).
Your rubbery body absorbs attacks. (AC +1, EV +1)
((You are camouflaged when in or above water. (Stealth+)))
You have tentacles for arms and can constrict up to eight enemies at once.


Message History

The jackal bites you.
* * * LOW HITPOINT WARNING * * *
You barely miss the jackal.
The endoplasm quivers.
Your grab misses the jackal. The jackal misses you.
You hit the jackal. Your grab misses the jackal.
The jackal is severely wounded.
The jackal misses you.
You aren't carrying any potions.
Unknown command.
You closely miss the jackal. You grab the jackal.
The jackal is severely wounded.
You constrict the jackal. The jackal closely misses you.
Throw: 9 darts (poison)
Press: ? - help, Q - select action, (/) - cycle Shift-Dir - straight line, f - jackal
Aim: a jackal (almost dead, constricted by you, 86% to hit)
You throw a poisoned dart.
The poisoned dart barely misses the jackal.
The poisoned dart hits the jackal.
The jackal is poisoned.
The jackal is moderately wounded.
You constrict the jackal, but do no damage.
The jackal bites you.
* * * LOW HITPOINT WARNING * * *
The jackal closely misses you.
Unknown command.
Throw: 8 darts (poison)
Press: ? - help, Q - select action, (/) - cycle Shift-Dir - straight line, f/p - jackal
Aim: a jackal (almost dead, constricted by you, 86% to hit)
You throw a poisoned dart. The poisoned dart hits the jackal.
The jackal is poisoned.
The jackal is almost dead.
You constrict the jackal.
You kill the jackal!
The bat hits you but does no damage.
You closely miss the bat. Your grab misses the bat.
You kill the jackal!
The bat barely misses you.
A goblin comes into view. It is wielding a +0 dagger.
The bat attacks as you move away! The bat hits you.
You die...

##...# #.#.†...# ##....#
#.##....##
..#.....#####.##.....#
.......>...)#........#.#
+++##.............##.J..
....#.......####J......#
....#...#.### #(#######
.<..#...#.# #b#
....#...#.# #@#
'''##...#.# #....g#
..........# #####.#
######.#### ..# ..# #.#
.. .#


You could see an endoplasm, a goblin (asleep) and a bat.

Vanquished Creatures
  4 jackals (D:1)
4 creatures vanquished.

Notes
Turn   | Place    | Note
-------+----------+-------------------------------------------
     0 | D:1      | qeuew the Octopode Brigand began the quest for the Orb.
     0 | D:1      | Reached XP level 1. HP: 14/14 MP: 1/1
    45 | D:1      | Slain by a bat

Illustrated notes

Levels and vault maps discovered:
D:1:      dpeg_arrival_windows_large_door, layout_loops_cross, serial_rivers,
          chequers_serial_rivers_micro_d, chequers_serial_rivers_micro_d,
          chequers_serial_rivers_room_b, chequers_serial_rivers_micro_a,
          chequers_serial_rivers_small_b, chequers_serial_rivers_micro_c,
          basic_ecumenical_altar

Action                   || total
-------------------------++-------
Melee: Dagger            ||    10
       Constrict         ||     4
Throw: Dart              ||     2
Armor: Skin              ||     2
Dodge: Dodged            ||    26

Table legend: (Time is in decaauts)
 A = Elapsed time spent in this place.
 B = Non-inter-level travel time spent in this place.
 C = Inter-level travel time spent in this place.
 D = Time resting spent in this place.
 E = Time spent auto-exploring this place.
 F = Levels seen in this place.
 G = Mean time per level.
                   A        B        C        D        E       F      G
               +--------+--------+--------+--------+--------+-----+--------+
         Total |     43 |     43 |      0 |      0 |     15 |   1 |   43.0 |
       Dungeon |     43 |     43 |      0 |      0 |     15 |   1 |   43.0 |
               +--------+--------+--------+--------+--------+-----+--------+

Top non-repeatable levels by time:
     D:1: 43 daAuts
